 Dungeon Crawl Stone Soup version 0.18-a0-1418-ga86aa8f (webtiles) character file.

63 Goblin1989 the Insei (level 3, 0/29 HPs)
             Began as a Demonspawn Monk on Feb 27, 2016.
             Succumbed to Robin's poison
             ... on level 2 of the Dungeon.
             The game lasted 00:02:57 (1338 turns).

Goblin1989 the Insei (Demonspawn Monk)              Turns: 1338, Time: 00:02:57

Health: 0/29       AC:  3    Str: 17    XL:     3   Next: 89%
Magic:  3/3        EV: 13    Int: 16    God:
Gold:   51         SH:  0    Dex: 15    Spells: 0 memorised, 2 levels left

rFire  + . .     SeeInvis .       - Unarmed
rCold  . . .     Gourm    .     a - +0 robe
rNeg   . . .     Faith    .     (no shield)
rPois  .         Spirit   .     (no helmet)
rElec  .         Dismiss  .     h - +0 cloak
rCorr  .         Reflect  .     (no gloves)
SustAt .         Harm     .     (no boots)
MR     .....                    n - amulet of magic regeneration
Stlth  ++........               (no ring)
                                o - ring of protection from fire

@: mighty, brilliant, lethally poisoned (0 -> -16), not resistant to hostile
enchantments, unstealthy
A: claws 1
a: no special abilities


You were on level 2 of the Dungeon.
You were not hungry.

You visited 1 branch of the dungeon, and saw 2 of its levels.

You collected 51 gold pieces.

Inventory:

Armour
 a - a +0 robe (worn)
 h - a +0 cloak (worn)
Jewellery
 n - an amulet of magic regeneration (around neck)
 o - a ring of protection from fire (left claw)
Scrolls
 e - a scroll of remove curse {unknown}
 g - a scroll of immolation {unknown}
 i - a scroll of magic mapping {unknown}
 m - a scroll of blinking {unknown}
Potions
 c - a potion of ambrosia {unknown}
 d - a potion of heal wounds {unknown}
 f - 2 potions of brilliance
 l - a potion of cure mutation {unknown}
Comestibles
 b - a bread ration
 k - 2 fruits


   Skills:
 - Level 3.0 Fighting
 - Level 2.6 Dodging
 - Level 1.7 Stealth
 * Level 5.0 Unarmed Combat


You had 2 spell levels left.
You didn't know any spells.

Dungeon Overview and Level Annotations

Branches:
Dungeon (2/15)

Altars:
Vehumet


Innate Abilities, Weirdness & Mutations

You have sharp fingernails.


Message History

You scratch Robin.
Robin is almost dead.
* * * LOW HITPOINT WARNING * * *
You feel sick. The goblin barely misses you. The goblin misses you.
You scratch Robin.
You kill Robin!
Your Unarmed Combat skill increases to level 5!
* * * LOW HITPOINT WARNING * * *
You feel sick. The goblin barely misses you.
The goblin hits you but does no damage.
Unknown command.
Drink which item? (? for menu, Esc to quit)
It was a potion of brilliance.
You feel clever all of a sudden.
* * * LOW HITPOINT WARNING * * *
You feel sick. The goblin barely misses you. The goblin closely misses you.
Drink which item? (? for menu, Esc to quit)
It was a potion of might.
You feel very mighty all of a sudden.
You die...

#......# #......# #....%.#
###########......#######
..........).........gggg
#####.#######....# #(##
#...†# #..# #..g)# ##(##
####@# #.(# #g# ##.##
#.#.# #.(# #.#.#
##.#######.#.#
#)#.......#.#
#)........#.##############
##.......(#.#<........#...
#........#.#########.#.##


You could see 2 goblins.

Vanquished Creatures
  Robin (D:2)
  A worm (D:2)
  3 dart slugs
  3 giant geckos
  2 giant cockroaches (D:2)
  10 goblins
  4 hobgoblins
  3 jackals (D:2)
  3 kobolds
  2 bats (D:2)
  3 giant newts
  3 rats
38 creatures vanquished.

Vanquished Creatures (others)
  A giant newt (D:2)
1 creature vanquished.

Grand Total: 39 creatures vanquished

Notes
Turn   | Place    | Note
--------------------------------------------------------------
     0 | D:1      | Goblin1989 the Demonspawn Monk began the quest for the Orb.
     0 | D:1      | Reached XP level 1. HP: 18/18 MP: 1/1
   218 | D:1      | Reached skill level 4 in Unarmed Combat
   355 | D:1      | Gained mutation: You have sharp fingernails. [demonic ancestry]
   355 | D:1      | Reached XP level 2. HP: 24/24 MP: 2/2
   805 | D:2      | Reached XP level 3. HP: 24/29 MP: 3/3
   963 | D:2      | Found a radiant altar of Vehumet.
  1313 | D:2      | Noticed Robin
  1336 | D:2      | Killed Robin
  1336 | D:2      | Reached skill level 5 in Unarmed Combat
  1337 | D:2      | HP: 1/29 [poisoned by Robin]
  1338 | D:2      | Succumbed to Robin's poison

Vault maps used:
D:1:      dpeg_arrival_tiny_a
D:2:      overflow_temple_1_default, uniq_robin

Skill      XL: |  1  2  3 |
---------------+----------+-----
Unarmed Combat | 4 5 |  5.0
Fighting       | |  3.0
Dodging        | |  2.6
Stealth        | |  1.7

Action                   || total
-------------------------++-------
Melee: Unarmed           ||   117
  Use: Potion            ||     2
 Stab: Sleeping          ||     4
  Eat: Chunk             ||     1
